WCHLSIM.com - West Coast Hockey League
html PUBLIC "-//W3C//DTD XHTML 1.0 Transitional//EN" "http://www.w3.org/TR/xhtml1/DTD/xhtml1-transitional.dtd"> WCHL - Game 401 - SAN FRANCISCO SPIDERS vs LAS VEGAS LIZARD KINGS

SAN FRANCISCO SPIDERS vs LAS VEGAS LIZARD KINGS

Created - 1 décembre 2019 at 15:32

Goals
1 2 3 OT1 T
SAN FRANCISCO SPIDERS 1 1 0 1 3
LAS VEGAS LIZARD KINGS 1 0 1 0 2
Shots
1 2 3 OT1 T
SAN FRANCISCO SPIDERS 4 4 7 2 17
LAS VEGAS LIZARD KINGS 7 8 12 0 27

1st period

1. SAN FRANCISCO SPIDERS , Andrei Svechnikov 8 (Josh Leivo 7) at 5:33
2. LAS VEGAS LIZARD KINGS , Ryan Nugent-Hopkins 14 (Brent Burns 22, Brayden McNabb 5) at 10:34

Penalties :
Morgan Geekie (SAF) for High sticking (Minor) at 1:24, Tyler Myers (SAF) for High sticking (Minor) at 12:20

2nd period

3. SAN FRANCISCO SPIDERS , Josh Leivo 7 (Andrei Svechnikov 9, Alexander Kerfoot 6) at 0:53

Penalties :
Matt Niskanen (LVG) for Holding Stick (Minor) at 18:44

3rd period

4. LAS VEGAS LIZARD KINGS , Johnny Gaudreau 10 (Sean Monahan 16, Nino Niederreiter 12) at 6:28

Penalties :
Alex Petrovic (LVG) for Holding Stick (Minor) at 7:08, Alexander True (SAF) for Cross-checking (Minor) at 7:08, David Schlemko (SAF) for Hooking (Minor) at 12:06, Brayden McNabb (LVG) for Tripping (Minor) at 18:47

Overtime #1

5. SAN FRANCISCO SPIDERS , Danton Heinen 8 (Alexander Kerfoot 7, Tyler Myers 6) at 1:04

Penalties :
No Penalty

Goalie Stats

Antti Niemi (SAF), 25 saves from 27 shots - (0,926), W, 4-9-2, 61:05 minutes
Marc-Andre Fleury (LVG), 14 saves from 17 shots - (0,824), OTL, 19-3-1, 61:05 minutes

Players Stats for SAN FRANCISCO SPIDERS

Player Name              G  A  P  +/- PIM S  H  SB GA TA FO     MP     PP MP  PK MP  
------------------------------------------------------------------------------------
Alexander Kerfoot        0  2  2   1  0   0  0  0  0  0  6/12   18:31   0:58   3:24 
Alexander True           0  0  0   0  2   2  4  1  0  0  5/11   14:48   0:00   0:00 
Andrei Svechnikov        1  1  2   0  0   3  0  1  0  0  0/2    21:03   2:13   3:16 
Danton Heinen            1  0  1   1  0   1  0  0  0  0  1/4    16:22   2:13   2:41 
David Schlemko           0  0  0   0  2   2  1  1  0  0  0/0    23:17   1:42   2:34 
David Sklenicka          0  0  0  -1  0   0  0  0  0  0  0/0    18:18   0:00   2:43 
Dominik Simon            0  0  0   0  0   3  0  4  0  0  0/2    15:34   0:54   0:00 
Gabriel Bourque          0  0  0   0  0   0  2  0  0  0  0/0    10:43   0:04   0:00 
Josh Leivo               1  1  2   0  0   2  2  0  0  0  1/1    14:01   0:58   0:00 
Karl Alzner              0  0  0   1  0   0  1  0  0  0  0/0    21:06   1:29   2:46 
Morgan Geekie            0  0  0   0  2   0  1  0  0  0  5/9    10:21   0:00   0:00 
Ryan Getzlaf             0  0  0   0  0   2  4  2  0  0  15/24  27:21   2:13   2:33 
Sean Walker              0  0  0   1  0   0  1  0  0  0  0/0    19:56   1:29   1:36 
Sven Andrighetto         0  0  0   0  0   0  0  0  0  0  0/0     0:40   0:00   0:00 
Taylor Leier             0  0  0   0  0   0  0  0  0  0  0/0    10:39   0:00   0:00 
Tomas Plekanec           0  0  0   0  0   0  0  0  0  0  1/1    14:09   0:00   0:00 
Tyler Myers              0  1  1   1  2   2  2  0  0  0  0/0    23:27   1:42   2:15 
Tyler Wotherspoon        0  0  0  -1  0   0  1  0  0  0  0/0    15:46   0:00   0:00 

Players Stats for LAS VEGAS LIZARD KINGS

Player Name              G  A  P  +/- PIM S  H  SB GA TA FO     MP     PP MP  PK MP  
------------------------------------------------------------------------------------
Alex Petrovic            0  0  0   1  2   0  3  1  0  0  0/0    17:52   0:00   2:58 
Barclay Goodrow          0  0  0   0  0   4  1  0  0  0  0/1    18:07   2:43   0:14 
Bobby Ryan               0  0  0   0  0   3  0  0  0  0  0/1    19:27   2:24   0:00 
Brayden McNabb           0  1  1   1  2   3  3  1  0  0  0/0    18:52   2:12   0:24 
Brent Burns              0  1  1  -1  0   3  0  2  0  0  0/0    24:59   3:45   2:11 
Derek Ryan               0  0  0   0  0   1  0  0  0  0  9/16   17:38   2:24   3:44 
Evan Rodrigues           0  0  0   0  0   1  0  0  0  0  2/5     4:44   0:00   0:00 
Garrett Wilson           0  0  0   0  0   0  0  0  0  0  0/0     0:00   0:00   0:00 
Jason Pominville         0  0  0   0  0   0  0  0  0  0  0/0     5:34   0:50   0:00 
Joel Armia               0  0  0   0  0   0  1  1  0  0  0/1    19:40   0:00   3:07 
Johnny Gaudreau          1  0  1  -1  0   4  0  0  0  0  0/0    21:56   3:33   0:00 
Keegan Lowe              0  0  0   1  0   0  1  1  0  0  0/0    15:22   0:00   0:27 
Mark Pysyk               0  0  0  -1  0   1  0  2  0  0  0/0    20:44   2:12   1:20 
Matt Niskanen            0  0  0  -2  2   0  0  0  0  0  0/0    20:15   0:00   0:36 
Mike Ferland             0  0  0   0  0   1  4  0  0  0  1/2    13:57   2:24   0:00 
Nino Niederreiter        0  1  1   0  0   0  1  0  0  0  3/9    20:10   3:33   0:00 
Ryan Nugent-Hopkins      1  0  1  -1  0   4  0  0  0  0  8/12   22:09   3:45   0:04 
Sean Monahan             0  1  1   0  0   2  2  0  0  0  9/19   16:36   0:00   0:00 

3 Stars

1 - Josh Leivo (SAF)
2 - Andrei Svechnikov (SAF)
3 - Danton Heinen (SAF)

Power Play

SAN FRANCISCO SPIDERS - 0 on 2 Attempt(s) - 0,00%
LAS VEGAS LIZARD KINGS - 0 on 3 Attempt(s) - 0,00%

Penalty Kill

SAN FRANCISCO SPIDERS - 3 on 3 Attempt(s) - 100,00% - Score 0 goal in Penalty Kill
LAS VEGAS LIZARD KINGS - 2 on 2 Attempt(s) - 100,00% - Score 0 goal in Penalty Kill

Team Stat

SAN FRANCISCO SPIDERS - Hits : 19 - Faceoff Wins : 34 - Blocked Shots : 9 - Penalty Minutes : 8
LAS VEGAS LIZARD KINGS - Hits : 16 - Faceoff Wins : 32 - Blocked Shots : 8 - Penalty Minutes : 6

Official

Referees : Garrett Rank and Kevin Pollock
Linesman : Greg McAlpine and Adam Bell

Game Notes

Sven Andrighetto is injured at 1:10 of 1st period (Fractured Metatarsal (Right Foot))

Finance

Level 1 -- Attendance: 4012 (63,99%) -- Ticket Income 722 160 $
Level 2 -- Attendance: 3435 (64,57%) -- Ticket Income 412 200 $
Level 3 -- Attendance: 1697 (81,20%) -- Ticket Income 135 760 $
Level 4 -- Attendance: 2704 (62,59%) -- Ticket Income 189 280 $
Luxury Box -- Attendance: 801 (80,10%) -- Ticket Income 256 320 $
Game was played at the Casino Square Garden.
Total Attendance: 12649 (66,57%)
Total Ticket Income: 1 715 720 $
Other Income: 514 716 $
Total Income: 2 230 436 $

SAN FRANCISCO SPIDERS

5 vs 5 Forward 
   Center                   Left Wing                Right Wing               Time % Phy DF OF 
 1 Ryan Getzlaf             Gabriel Bourque          Taylor Leier             25     3   2  0  
 2 Alexander Kerfoot        Andrei Svechnikov        Josh Leivo               25     3   2  0  
 3 Alexander True           Dominik Simon            Sven Andrighetto         25     1   4  0  
 4 Morgan Geekie            Danton Heinen            Ryan Getzlaf             25     2   2  0  

5 vs 5 Defense 
   Defense                  Defense                                           Time % Phy DF OF 
 1 Tyler Myers              David Schlemko                                    36     1   2  2  
 2 Karl Alzner              Sean Walker                                       31     1   2  2  
 3 Tyler Wotherspoon        David Sklenicka                                   23     1   2  2  
 4 Tyler Myers              David Schlemko                                    10     1   2  2  

PowerPlay Forward 
   Center                   Left Wing                Right Wing               Time % Phy DF OF 
 1 Ryan Getzlaf             Andrei Svechnikov        Danton Heinen            55     1   2  2  
 2 Alexander Kerfoot        Dominik Simon            Josh Leivo               45     1   2  2  

PowerPlay Defense
   Defense                  Defense                                           Time % Phy DF OF 
 1 Tyler Myers              David Schlemko                                    55     1   2  2  
 2 Karl Alzner              Sean Walker                                       45     1   2  2  

Penalty Kill 4 Players Forward 
   Center                   Wing                     Time % Phy DF OF 
 1 Ryan Getzlaf             Andrei Svechnikov        55     1   2  2  
 2 Danton Heinen            Alexander Kerfoot        45     1   2  2  

Penalty Kill 4 Players Defense
   Defense                  Defense                  Time % Phy DF OF 
 1 Tyler Myers              David Schlemko           55     1   2  2  
 2 Karl Alzner              Sean Walker              45     1   2  2  

Penalty Kill - 3 Players Forward 
   Forward                                           Time % Phy DF OF 
 1 Ryan Getzlaf                                      55     1   2  2  
 2 Andrei Svechnikov                                 45     1   2  2  

Penalty Kill - 3 Players Defense
   Defense                  Defense                  Time % Phy DF OF 
 1 Tyler Myers              David Schlemko           55     1   2  2  
 2 Karl Alzner              Sean Walker              45     1   2  2  

4 vs 4 Forward 
   Center                   Wing                     Time % Phy DF OF 
 1 Ryan Getzlaf             Andrei Svechnikov        55     1   2  2  
 2 Danton Heinen            Alexander Kerfoot        45     1   2  2  

4 vs 4 Defense
   Defense                  Defense                  Time % Phy DF OF 
 1 Tyler Myers              David Schlemko           55     1   2  2  
 2 Karl Alzner              Sean Walker              45     1   2  2  

Last Minutes Offensive
   Center                   Left Wing                Right Wing               Defense                  Defense                  
   Ryan Getzlaf             Andrei Svechnikov        Danton Heinen            Tyler Myers              David Schlemko           

Last Minutes Defensive
   Center                   Left Wing                Right Wing               Defense                  Defense                  
   Ryan Getzlaf             Andrei Svechnikov        Danton Heinen            Tyler Myers              David Schlemko           

Goaltenders
Starting : Antti Niemi              
Backup : Jimmy Howard             

Extra Forwards
Normal : Tomas Plekanec, Gabriel Bourque, Sven Andrighetto - PP : Tomas Plekanec, Gabriel Bourque - PK : Sven Andrighetto
Extra Defensemen
Normal : Tyler Wotherspoon, David Sklenicka, Karl Alzner - PP : Tyler Wotherspoon - PK : David Sklenicka, Karl Alzner
Penalty Shots
Ryan Getzlaf, Andrei Svechnikov, Danton Heinen, Alexander Kerfoot, Dominik Simon
Custom OT Lines Forwards
Ryan Getzlaf, Andrei Svechnikov, Danton Heinen, Alexander Kerfoot, Dominik Simon, Josh Leivo, Gabriel Bourque, Sven Andrighetto, Alexander True, Morgan Geekie
Custom OT Lines Defensemen
Tyler Myers, David Schlemko, Karl Alzner, Sean Walker, Tyler Wotherspoon

Scratches
Matt Hendricks (Healthy), Andrew O'Brien (Healthy), Stefan LeBlanc (Healthy), Cooper Marody (Sprained Left Ankle Injury), Calle Jarnkrok (Chest/Ribs Injury)
Jake Horton (Healthy), Jake Lucchini (Severed Left Wrist Tendons Injury), Jesse Graham (Healthy), Nico Sturm (Sprained Left Finger Injury), Samuel Kurker (Healthy)
Ryan McGregor (Healthy), Zach Frye (Healthy), Eddie Lack (Healthy)

LAS VEGAS LIZARD KINGS

5 vs 5 Forward 
   Center                   Left Wing                Right Wing               Time % Phy DF OF 
 1 Sean Monahan             Johnny Gaudreau          Nino Niederreiter        32     0   2  3  
 2 Ryan Nugent-Hopkins      Bobby Ryan               Joel Armia               31     0   2  3  
 3 Derek Ryan               Barclay Goodrow          Mike Ferland             30     0   2  3  
 4 Evan Rodrigues           Barclay Goodrow          Jason Pominville         7      0   3  2  

5 vs 5 Defense 
   Defense                  Defense                                           Time % Phy DF OF 
 1 Brent Burns              Brayden McNabb                                    43     0   2  3  
 2 Matt Niskanen            Mark Pysyk                                        42     0   2  3  
 3 Alex Petrovic            Keegan Lowe                                       15     0   5  0  
 4 Brent Burns              Matt Niskanen                                     0      0   1  4  

PowerPlay Forward 
   Center                   Left Wing                Right Wing               Time % Phy DF OF 
 1 Nino Niederreiter        Johnny Gaudreau          Barclay Goodrow          70     0   0  5  
 2 Derek Ryan               Mike Ferland             Bobby Ryan               30     0   0  5  

PowerPlay Defense
   Defense                  Defense                                           Time % Phy DF OF 
 1 Brent Burns              Ryan Nugent-Hopkins                               70     0   0  5  
 2 Brayden McNabb           Mark Pysyk                                        30     0   0  5  

Penalty Kill 4 Players Forward 
   Center                   Wing                     Time % Phy DF OF 
 1 Derek Ryan               Joel Armia               65     0   5  0  
 2 Barclay Goodrow          Ryan Nugent-Hopkins      35     0   5  0  

Penalty Kill 4 Players Defense
   Defense                  Defense                  Time % Phy DF OF 
 1 Brayden McNabb           Mark Pysyk               75     0   5  0  
 2 Brent Burns              Matt Niskanen            25     0   5  0  

Penalty Kill - 3 Players Forward 
   Forward                                           Time % Phy DF OF 
 1 Derek Ryan                                        55     0   5  0  
 2 Barclay Goodrow                                   45     0   5  0  

Penalty Kill - 3 Players Defense
   Defense                  Defense                  Time % Phy DF OF 
 1 Alex Petrovic            Keegan Lowe              50     0   5  0  
 2 Brayden McNabb           Mark Pysyk               50     0   5  0  

4 vs 4 Forward 
   Center                   Wing                     Time % Phy DF OF 
 1 Ryan Nugent-Hopkins      Johnny Gaudreau          55     1   2  2  
 2 Derek Ryan               Bobby Ryan               45     1   2  2  

4 vs 4 Defense
   Defense                  Defense                  Time % Phy DF OF 
 1 Brent Burns              Matt Niskanen            55     1   2  2  
 2 Brayden McNabb           Mark Pysyk               45     1   2  2  

Last Minutes Offensive
   Center                   Left Wing                Right Wing               Defense                  Defense                  
   Sean Monahan             Johnny Gaudreau          Nino Niederreiter        Brent Burns              Matt Niskanen            

Last Minutes Defensive
   Center                   Left Wing                Right Wing               Defense                  Defense                  
   Ryan Nugent-Hopkins      Barclay Goodrow          Joel Armia               Brent Burns              Matt Niskanen            

Goaltenders
Starting : Marc-Andre Fleury        
Backup : Curtis McElhinney        

Extra Forwards
Normal : Mike Ferland, Jason Pominville, Evan Rodrigues - PP : Mike Ferland, Jason Pominville - PK : Ryan Nugent-Hopkins
Extra Defensemen
Normal : Mark Pysyk, Brayden McNabb, Alex Petrovic - PP : Mark Pysyk - PK : Alex Petrovic, Brayden McNabb
Penalty Shots
Johnny Gaudreau, Ryan Nugent-Hopkins, Barclay Goodrow, Mike Ferland, Nino Niederreiter
Custom OT Lines Forwards
Johnny Gaudreau, Ryan Nugent-Hopkins, Sean Monahan, Nino Niederreiter, Bobby Ryan, Joel Armia, Mike Ferland, Derek Ryan, Barclay Goodrow, Jason Pominville
Custom OT Lines Defensemen
Brent Burns, Matt Niskanen, Brayden McNabb, Mark Pysyk, Alex Petrovic

Scratches
Givani Smith (Healthy), Beck Malenstyn (Healthy), Olli Juolevi (Healthy), Henrik Samuelsson (Healthy), Jaycob Megna (Fractured Bone in Left Hand Injury)
Nick Moutrey (Healthy), Nick Jensen (Sprained Right Knee Injury), Skyler McKenzie (Healthy), Spencer Smallman (Healthy), Ty Dellandrea (Healthy)

% Time on Ice - SAN FRANCISCO SPIDERS

Lines # - Real PCT - Wanted PCT - Time Play
Normal Forward
1 - 22% - 25% - 10:39
2 - 27% - 25% - 13:03
3 - 30% - 25% - 14:49
4 - 21% - 25% - 10:22
Normal Defense
1 - 32% - 36% - 15:37
2 - 32% - 31% - 15:39
3 - 32% - 23% - 15:35
4 - 4% - 10% - 2:02
PP Forward
1 - 70% - 55% - 2:13
2 - 30% - 45% - 0:58
PP Defense
1 - 53% - 55% - 1:42
2 - 47% - 45% - 1:29
PK Forward
1 - 61% - 55% - 3:39
2 - 39% - 45% - 2:18
PK Defense
1 - 73% - 55% - 4:21
2 - 27% - 45% - 1:36
PK3 Forward
1 - 0% - 55%
2 - 0% - 45%
PK3 Defense
1 - 0% - 55%
2 - 0% - 45%
44 Forward
1 - 71% - 55% - 1:58
2 - 29% - 45% - 0:48
44 Defense
1 - 57% - 55% - 1:34
2 - 43% - 45% - 1:12
Last Minute Offensive  - 0:00
Last Minute Defensive  - 0:00
Total
Forward - 60:47
Defense - 60:47

% Time on Ice - LAS VEGAS LIZARD KINGS

Lines # - Real PCT - Wanted PCT - Time Play
Normal Forward
1 - 34% - 32% - 16:36
2 - 34% - 31% - 16:33
3 - 23% - 30% - 11:00
4 - 10% - 7% - 4:44
Normal Defense
1 - 32% - 43% - 15:24
2 - 33% - 42% - 16:19
3 - 31% - 15% - 14:55
4 - 5% - 0% - 2:15
PP Forward
1 - 60% - 70% - 3:33
2 - 40% - 30% - 2:24
PP Defense
1 - 63% - 70% - 3:45
2 - 37% - 30% - 2:12
PK Forward
1 - 98% - 65% - 3:07
2 - 2% - 35% - 0:04
PK Defense
1 - 31% - 75% - 1:00
2 - 69% - 25% - 2:11
PK3 Forward
1 - 79% - 55% - 0:37
2 - 21% - 45% - 0:10
PK3 Defense
1 - 57% - 50% - 0:27
2 - 43% - 50% - 0:20
44 Forward
1 - 75% - 55% - 1:29
2 - 25% - 45% - 0:30
44 Defense
1 - 55% - 55% - 1:06
2 - 45% - 45% - 0:53
Last Minute Offensive  - 0:00
Last Minute Defensive  - 0:00
Total
Forward - 60:47
Defense - 60:47

Play-by-Play

1st period


0:01 of 1st period - Ryan Getzlaf wins face-off versus Sean Monahan in neutral zone.
0:04 of 1st period - Johnny Gaudreau is hit by Ryan Getzlaf and loses puck.
0:09 of 1st period - Shot by Tyler Myers.
0:09 of 1st period - Stopped by Marc-Andre Fleury without a rebound.
0:10 of 1st period - Ryan Nugent-Hopkins wins face-off versus Alexander Kerfoot in LAS VEGAS LIZARD KINGS zone.
0:30 of 1st period - Off-side.
0:31 of 1st period - Alexander True wins face-off versus Derek Ryan in neutral zone.
1:04 of 1st period - Shot by Sven Andrighetto.
1:04 of 1st period - Shot Blocked by Alex Petrovic.
1:09 of 1st period - Sven Andrighetto is hit by Alex Petrovic and loses puck.
1:10 of 1st period - Sven Andrighetto from SAN FRANCISCO SPIDERS is injured at 1:10 of 1st period (Fractured Metatarsal (Right Foot)).
1:11 of 1st period - Morgan Geekie wins face-off versus Sean Monahan in LAS VEGAS LIZARD KINGS zone.
1:11 of 1st period - Ryan Getzlaf is hit by Brayden McNabb and loses puck.
1:24 of 1st period - Minor Penalty to Morgan Geekie for High sticking.
1:25 of 1st period - Nino Niederreiter wins face-off versus Andrei Svechnikov in SAN FRANCISCO SPIDERS zone.
1:26 of 1st period - Shot by Brent Burns.
1:26 of 1st period - Shot Blocked by Ryan Getzlaf.
1:28 of 1st period - Shot by Brent Burns.
1:28 of 1st period - Stopped by Antti Niemi without a rebound.
1:29 of 1st period - Ryan Getzlaf wins face-off versus Nino Niederreiter in SAN FRANCISCO SPIDERS zone.
1:35 of 1st period - Icing by Barclay Goodrow.
1:36 of 1st period - Ryan Getzlaf wins face-off versus Nino Niederreiter in LAS VEGAS LIZARD KINGS zone.
1:37 of 1st period - Shot by Andrei Svechnikov.
1:37 of 1st period - Shot Blocked by Brent Burns.
1:59 of 1st period - Shot by Johnny Gaudreau.
1:59 of 1st period - Shot Misses the Net.
2:50 of 1st period - Icing by Bobby Ryan.
2:51 of 1st period - Derek Ryan wins face-off versus Danton Heinen in LAS VEGAS LIZARD KINGS zone.
3:04 of 1st period - Shot by Brayden McNabb.
3:04 of 1st period - Shot Misses the Net.
3:32 of 1st period - Shot by Johnny Gaudreau.
3:32 of 1st period - Shot Blocked by Dominik Simon.
4:15 of 1st period - Ryan Nugent-Hopkins is hit by Tyler Wotherspoon and loses puck.
5:25 of 1st period - Shot by Josh Leivo.
5:25 of 1st period - Shot Blocked by Brent Burns.
5:27 of 1st period - Shot by Josh Leivo.
5:27 of 1st period - Shot Misses the Net.
5:29 of 1st period - Shot by Andrei Svechnikov.
5:29 of 1st period - Stopped by Marc-Andre Fleury with a rebound.
5:31 of 1st period - Shot by Andrei Svechnikov.
5:31 of 1st period - Shot Hit the Post.
5:33 of 1st period - Shot by Andrei Svechnikov.
5:33 of 1st period - Goal by Andrei Svechnikov - SAN FRANCISCO SPIDERS : 1 - LAS VEGAS LIZARD KINGS : 0.
5:34 of 1st period - Morgan Geekie wins face-off versus Derek Ryan in neutral zone.
5:41 of 1st period - Shot by Danton Heinen.
5:41 of 1st period - Shot Misses the Net.
5:43 of 1st period - Shot by Ryan Getzlaf.
5:43 of 1st period - Shot Misses the Net.
5:56 of 1st period - Ryan Getzlaf is hit by Alex Petrovic and loses puck.
6:02 of 1st period - Danton Heinen is hit by Alex Petrovic.
6:13 of 1st period - Off-side.
6:14 of 1st period - Alexander Kerfoot wins face-off versus Sean Monahan in neutral zone.
6:19 of 1st period - Shot by Andrei Svechnikov.
6:19 of 1st period - Shot Blocked by Mark Pysyk.
6:37 of 1st period - Shot by Sean Monahan.
6:37 of 1st period - Shot Blocked by Andrei Svechnikov.
7:56 of 1st period - Shot by Ryan Nugent-Hopkins.
7:56 of 1st period - Shot Blocked by David Schlemko.
8:33 of 1st period - Johnny Gaudreau is hit by Ryan Getzlaf.
8:47 of 1st period - Nino Niederreiter is hit by David Schlemko and loses puck.
9:17 of 1st period - Tyler Myers is hit by Mike Ferland and loses puck.
9:30 of 1st period - Shot by Mike Ferland.
9:30 of 1st period - Stopped by Antti Niemi without a rebound.
9:31 of 1st period - Sean Monahan wins face-off versus Alexander True in SAN FRANCISCO SPIDERS zone.
9:57 of 1st period - Icing by Karl Alzner.
9:58 of 1st period - Ryan Nugent-Hopkins wins face-off versus Alexander True in SAN FRANCISCO SPIDERS zone.
10:34 of 1st period - Shot by Ryan Nugent-Hopkins.
10:34 of 1st period - Goal by Ryan Nugent-Hopkins - SAN FRANCISCO SPIDERS : 1 - LAS VEGAS LIZARD KINGS : 1.
10:35 of 1st period - Alexander Kerfoot wins face-off versus Sean Monahan in neutral zone.
11:01 of 1st period - Shot by Josh Leivo.
11:01 of 1st period - Stopped by Marc-Andre Fleury without a rebound.
11:02 of 1st period - Derek Ryan wins face-off versus Ryan Getzlaf in LAS VEGAS LIZARD KINGS zone.
11:18 of 1st period - Barclay Goodrow is hit by Karl Alzner and loses puck.
11:45 of 1st period - Derek Ryan is hit by Gabriel Bourque and loses puck.
11:54 of 1st period - Gabriel Bourque is hit by Mike Ferland and loses puck.
12:17 of 1st period - Shot by Ryan Nugent-Hopkins.
12:17 of 1st period - Stopped by Antti Niemi without a rebound.
12:18 of 1st period - Sean Monahan wins face-off versus Alexander True in SAN FRANCISCO SPIDERS zone.
12:20 of 1st period - Minor Penalty to Tyler Myers for High sticking.
12:21 of 1st period - Danton Heinen wins face-off versus Nino Niederreiter in SAN FRANCISCO SPIDERS zone.
13:59 of 1st period - Icing by Johnny Gaudreau.
14:00 of 1st period - Nino Niederreiter wins face-off versus Ryan Getzlaf in LAS VEGAS LIZARD KINGS zone.
14:05 of 1st period - Shot by Brent Burns.
14:05 of 1st period - Stopped by Antti Niemi without a rebound.
14:06 of 1st period - Ryan Getzlaf wins face-off versus Nino Niederreiter in SAN FRANCISCO SPIDERS zone.
14:24 of 1st period - Shot by Barclay Goodrow.
14:24 of 1st period - Stopped by Antti Niemi without a rebound.
14:25 of 1st period - Alexander True wins face-off versus Joel Armia in SAN FRANCISCO SPIDERS zone.
14:25 of 1st period - Alexander True is hit by Joel Armia.
14:30 of 1st period - Off-side.
14:31 of 1st period - Evan Rodrigues wins face-off versus Ryan Getzlaf in neutral zone.
16:16 of 1st period - Ryan Nugent-Hopkins is hit by Alexander True and loses puck.
18:04 of 1st period - Icing by Alex Petrovic.
18:05 of 1st period - Ryan Nugent-Hopkins wins face-off versus Alexander True in LAS VEGAS LIZARD KINGS zone.
18:05 of 1st period - Joel Armia is hit by Alexander True and loses puck.
18:28 of 1st period - Shot by Mike Ferland.
18:28 of 1st period - Shot Misses the Net.
18:30 of 1st period - Shot by Brayden McNabb.
18:30 of 1st period - Stopped by Antti Niemi without a rebound.
18:31 of 1st period - Sean Monahan wins face-off versus Ryan Getzlaf in SAN FRANCISCO SPIDERS zone.
19:34 of 1st period - Matt Niskanen is hit by Gabriel Bourque and loses puck.
Goals for this period are 1 for SAN FRANCISCO SPIDERS vs 1 for LAS VEGAS LIZARD KINGS.
Shots for this period are 4 for SAN FRANCISCO SPIDERS vs 7 for LAS VEGAS LIZARD KINGS.

2nd period


0:01 of 2nd period - Derek Ryan wins face-off versus Morgan Geekie in neutral zone.
0:14 of 2nd period - Shot by Derek Ryan.
0:14 of 2nd period - Shot Hit the Post.
0:16 of 2nd period - Shot by Barclay Goodrow.
0:16 of 2nd period - Stopped by Antti Niemi without a rebound.
0:17 of 2nd period - Alexander Kerfoot wins face-off versus Sean Monahan in SAN FRANCISCO SPIDERS zone.
0:17 of 2nd period - Alexander Kerfoot is hit by Nino Niederreiter.
0:20 of 2nd period - Andrei Svechnikov is hit by Sean Monahan and loses puck.
0:53 of 2nd period - Shot by Josh Leivo.
0:53 of 2nd period - Goal by Josh Leivo - SAN FRANCISCO SPIDERS : 2 - LAS VEGAS LIZARD KINGS : 1.
0:54 of 2nd period - Morgan Geekie wins face-off versus Derek Ryan in neutral zone.
0:54 of 2nd period - Morgan Geekie is hit by Mike Ferland.
1:06 of 2nd period - Brent Burns is hit by Morgan Geekie and loses puck.
1:30 of 2nd period - Ryan Getzlaf is hit by Brayden McNabb and loses puck.
2:37 of 2nd period - Shot by Dominik Simon.
2:37 of 2nd period - Stopped by Marc-Andre Fleury with a rebound.
3:11 of 2nd period - Shot by Sean Monahan.
3:11 of 2nd period - Deflect By Johnny Gaudreau.
3:11 of 2nd period - Shot Misses the Net.
3:13 of 2nd period - Shot by Johnny Gaudreau.
3:13 of 2nd period - Shot Misses the Net.
3:15 of 2nd period - Shot by Nino Niederreiter.
3:15 of 2nd period - Shot Misses the Net.
3:17 of 2nd period - Shot by Nino Niederreiter.
3:17 of 2nd period - Deflect By Johnny Gaudreau.
3:17 of 2nd period - Stopped by Antti Niemi without a rebound.
3:18 of 2nd period - Ryan Getzlaf wins face-off versus Sean Monahan in SAN FRANCISCO SPIDERS zone.
3:18 of 2nd period - Ryan Getzlaf is hit by Sean Monahan.
4:11 of 2nd period - Shot by Mike Ferland.
4:11 of 2nd period - Shot Misses the Net.
6:44 of 2nd period - Shot by Tyler Myers.
6:44 of 2nd period - Stopped by Marc-Andre Fleury without a rebound.
6:45 of 2nd period - Ryan Nugent-Hopkins wins face-off versus Alexander True in LAS VEGAS LIZARD KINGS zone.
7:17 of 2nd period - Shot by Bobby Ryan.
7:17 of 2nd period - Deflect By Ryan Nugent-Hopkins.
7:17 of 2nd period - Stopped by Antti Niemi without a rebound.
7:18 of 2nd period - Sean Monahan wins face-off versus Morgan Geekie in SAN FRANCISCO SPIDERS zone.
7:31 of 2nd period - Shot by Johnny Gaudreau.
7:31 of 2nd period - Shot Blocked by Ryan Getzlaf.
7:53 of 2nd period - Shot by Ryan Getzlaf.
7:53 of 2nd period - Shot Blocked by Brayden McNabb.
8:02 of 2nd period - Icing by Brent Burns.
8:03 of 2nd period - Alexander True wins face-off versus Sean Monahan in LAS VEGAS LIZARD KINGS zone.
8:29 of 2nd period - Shot by Mike Ferland.
8:29 of 2nd period - Shot Blocked by Dominik Simon.
8:31 of 2nd period - Shot by Mike Ferland.
8:31 of 2nd period - Shot Misses the Net.
8:33 of 2nd period - Shot by Mark Pysyk.
8:33 of 2nd period - Shot Misses the Net.
8:35 of 2nd period - Shot by Derek Ryan.
8:35 of 2nd period - Stopped by Antti Niemi with a rebound.
8:37 of 2nd period - Shot by Barclay Goodrow.
8:37 of 2nd period - Stopped by Antti Niemi without a rebound.
8:38 of 2nd period - Ryan Nugent-Hopkins wins face-off versus Alexander Kerfoot in SAN FRANCISCO SPIDERS zone.
8:52 of 2nd period - Ryan Nugent-Hopkins is hit by Tyler Myers and loses puck.
9:12 of 2nd period - Josh Leivo is hit by Keegan Lowe and loses puck.
9:40 of 2nd period - Shot by Danton Heinen.
9:40 of 2nd period - Shot Blocked by Joel Armia.
9:50 of 2nd period - Shot by Ryan Getzlaf.
9:50 of 2nd period - Stopped by Marc-Andre Fleury without a rebound.
9:51 of 2nd period - Mike Ferland wins face-off versus Dominik Simon in LAS VEGAS LIZARD KINGS zone.
9:51 of 2nd period - Mike Ferland is hit by Alexander True.
10:00 of 2nd period - Matt Niskanen is hit by Sean Walker and loses puck.
10:17 of 2nd period - Shot by Alexander True.
10:17 of 2nd period - Shot Misses the Net.
10:26 of 2nd period - Icing by Mark Pysyk.
10:27 of 2nd period - Ryan Getzlaf wins face-off versus Mike Ferland in LAS VEGAS LIZARD KINGS zone.
10:32 of 2nd period - Shot by Gabriel Bourque.
10:32 of 2nd period - Shot Misses the Net.
11:05 of 2nd period - Sean Monahan is hit by Tyler Myers and loses puck.
11:15 of 2nd period - Icing by Ryan Getzlaf.
11:16 of 2nd period - Ryan Getzlaf wins face-off versus Ryan Nugent-Hopkins in SAN FRANCISCO SPIDERS zone.
12:04 of 2nd period - Icing by Sean Monahan.
12:05 of 2nd period - Sean Monahan wins face-off versus Alexander Kerfoot in LAS VEGAS LIZARD KINGS zone.
14:18 of 2nd period - Andrei Svechnikov is hit by Mike Ferland and loses puck.
15:16 of 2nd period - Shot by Ryan Nugent-Hopkins.
15:16 of 2nd period - Stopped by Antti Niemi with a rebound.
16:08 of 2nd period - Shot by Nino Niederreiter.
16:08 of 2nd period - Shot Misses the Net.
16:10 of 2nd period - Shot by Nino Niederreiter.
16:10 of 2nd period - Shot Blocked by Dominik Simon.
16:12 of 2nd period - Shot by Sean Monahan.
16:12 of 2nd period - Shot Misses the Net.
16:14 of 2nd period - Shot by Sean Monahan.
16:14 of 2nd period - Deflect By Johnny Gaudreau.
16:14 of 2nd period - Stopped by Antti Niemi without a rebound.
16:15 of 2nd period - Evan Rodrigues wins face-off versus Morgan Geekie in SAN FRANCISCO SPIDERS zone.
17:57 of 2nd period - Icing by Alexander True.
17:58 of 2nd period - Tomas Plekanec wins face-off versus Evan Rodrigues in SAN FRANCISCO SPIDERS zone.
17:58 of 2nd period - Tyler Myers is hit by Barclay Goodrow and loses puck.
18:25 of 2nd period - Shot by Barclay Goodrow.
18:25 of 2nd period - Stopped by Antti Niemi without a rebound.
18:26 of 2nd period - Sean Monahan wins face-off versus Alexander Kerfoot in SAN FRANCISCO SPIDERS zone.
18:27 of 2nd period - Shot by Nino Niederreiter.
18:27 of 2nd period - Shot Misses the Net.
18:35 of 2nd period - Shot by Alexander Kerfoot.
18:35 of 2nd period - Shot Misses the Net.
18:44 of 2nd period - Minor Penalty to Matt Niskanen for Holding Stick.
18:45 of 2nd period - Ryan Getzlaf wins face-off versus Derek Ryan in LAS VEGAS LIZARD KINGS zone.
19:00 of 2nd period - Shot by Ryan Getzlaf.
19:00 of 2nd period - Shot Misses the Net.
Goals for this period are 1 for SAN FRANCISCO SPIDERS vs 0 for LAS VEGAS LIZARD KINGS.
Shots for this period are 4 for SAN FRANCISCO SPIDERS vs 8 for LAS VEGAS LIZARD KINGS.

3rd period


0:01 of 3rd period - Ryan Getzlaf wins face-off versus Derek Ryan in neutral zone.
0:51 of 3rd period - Shot by Alexander True.
0:51 of 3rd period - Stopped by Marc-Andre Fleury without a rebound.
0:52 of 3rd period - Alexander True wins face-off versus Sean Monahan in LAS VEGAS LIZARD KINGS zone.
0:55 of 3rd period - Shot by Dominik Simon.
0:55 of 3rd period - Shot Misses the Net.
1:29 of 3rd period - Shot by Nino Niederreiter.
1:29 of 3rd period - Shot Misses the Net.
1:31 of 3rd period - Shot by Mark Pysyk.
1:31 of 3rd period - Stopped by Antti Niemi without a rebound.
1:32 of 3rd period - Ryan Getzlaf wins face-off versus Evan Rodrigues in SAN FRANCISCO SPIDERS zone.
2:42 of 3rd period - Shot by Josh Leivo.
2:42 of 3rd period - Shot Misses the Net.
2:54 of 3rd period - Shot by Bobby Ryan.
2:54 of 3rd period - Stopped by Antti Niemi without a rebound.
2:55 of 3rd period - Sean Monahan wins face-off versus Dominik Simon in SAN FRANCISCO SPIDERS zone.
3:13 of 3rd period - Shot by Dominik Simon.
3:13 of 3rd period - Stopped by Marc-Andre Fleury without a rebound.
3:14 of 3rd period - Derek Ryan wins face-off versus Morgan Geekie in LAS VEGAS LIZARD KINGS zone.
3:28 of 3rd period - Off-side.
3:29 of 3rd period - Alexander Kerfoot wins face-off versus Ryan Nugent-Hopkins in neutral zone.
3:31 of 3rd period - Off-side.
3:32 of 3rd period - Morgan Geekie wins face-off versus Ryan Nugent-Hopkins in neutral zone.
3:43 of 3rd period - Shot by Ryan Getzlaf.
3:43 of 3rd period - Shot Hit the Post.
3:46 of 3rd period - Icing by Brent Burns.
3:47 of 3rd period - Josh Leivo wins face-off versus Bobby Ryan in LAS VEGAS LIZARD KINGS zone.
3:47 of 3rd period - Andrei Svechnikov is hit by Brayden McNabb and loses puck.
5:58 of 3rd period - Shot by Alexander True.
5:58 of 3rd period - Stopped by Marc-Andre Fleury without a rebound.
5:59 of 3rd period - Sean Monahan wins face-off versus Alexander Kerfoot in LAS VEGAS LIZARD KINGS zone.
6:22 of 3rd period - Shot by Nino Niederreiter.
6:22 of 3rd period - Shot Misses the Net.
6:28 of 3rd period - Shot by Johnny Gaudreau.
6:28 of 3rd period - Goal by Johnny Gaudreau - SAN FRANCISCO SPIDERS : 2 - LAS VEGAS LIZARD KINGS : 2.
6:29 of 3rd period - Ryan Getzlaf wins face-off versus Evan Rodrigues in neutral zone.
6:57 of 3rd period - Shot by David Schlemko.
6:57 of 3rd period - Stopped by Marc-Andre Fleury without a rebound.
6:58 of 3rd period - Alexander True wins face-off versus Nino Niederreiter in LAS VEGAS LIZARD KINGS zone.
7:08 of 3rd period - Minor Penalty to Alex Petrovic for Holding Stick.
7:08 of 3rd period - Minor Penalty to Alexander True for Cross-checking.
7:09 of 3rd period - Ryan Getzlaf wins face-off versus Ryan Nugent-Hopkins in LAS VEGAS LIZARD KINGS zone.
7:12 of 3rd period - Shot by Andrei Svechnikov.
7:12 of 3rd period - Stopped by Marc-Andre Fleury without a rebound.
7:13 of 3rd period - Ryan Nugent-Hopkins wins face-off versus Andrei Svechnikov in LAS VEGAS LIZARD KINGS zone.
7:13 of 3rd period - Ryan Nugent-Hopkins is hit by Ryan Getzlaf.
7:56 of 3rd period - Icing by Matt Niskanen.
7:57 of 3rd period - Ryan Nugent-Hopkins wins face-off versus Danton Heinen in LAS VEGAS LIZARD KINGS zone.
8:24 of 3rd period - Icing by Sean Walker.
8:25 of 3rd period - Derek Ryan wins face-off versus Danton Heinen in SAN FRANCISCO SPIDERS zone.
8:44 of 3rd period - Shot by Bobby Ryan.
8:44 of 3rd period - Stopped by Antti Niemi without a rebound.
8:45 of 3rd period - Ryan Nugent-Hopkins wins face-off versus Ryan Getzlaf in SAN FRANCISCO SPIDERS zone.
8:56 of 3rd period - Shot by Ryan Nugent-Hopkins.
8:56 of 3rd period - Shot Misses the Net.
9:10 of 3rd period - Shot by Dominik Simon.
9:10 of 3rd period - Shot Blocked by Keegan Lowe.
9:29 of 3rd period - Mike Ferland is hit by Alexander True and loses puck.
10:46 of 3rd period - Shot by Sean Monahan.
10:46 of 3rd period - Stopped by Antti Niemi without a rebound.
10:47 of 3rd period - Alexander Kerfoot wins face-off versus Sean Monahan in SAN FRANCISCO SPIDERS zone.
10:58 of 3rd period - Nino Niederreiter is hit by Josh Leivo and loses puck.
11:36 of 3rd period - Shot by Ryan Getzlaf.
11:36 of 3rd period - Shot Misses the Net.
11:40 of 3rd period - Shot by Ryan Getzlaf.
11:40 of 3rd period - Stopped by Marc-Andre Fleury without a rebound.
11:41 of 3rd period - Derek Ryan wins face-off versus Alexander True in LAS VEGAS LIZARD KINGS zone.
12:04 of 3rd period - Shot by Mike Ferland.
12:04 of 3rd period - Shot Misses the Net.
12:06 of 3rd period - Shot by Brayden McNabb.
12:06 of 3rd period - Stopped by Antti Niemi without a rebound.
12:06 of 3rd period - Minor Penalty to David Schlemko for Hooking.
12:07 of 3rd period - Derek Ryan wins face-off versus Ryan Getzlaf in SAN FRANCISCO SPIDERS zone.
13:22 of 3rd period - Shot by Brayden McNabb.
13:22 of 3rd period - Stopped by Antti Niemi without a rebound.
13:23 of 3rd period - Nino Niederreiter wins face-off versus Ryan Getzlaf in SAN FRANCISCO SPIDERS zone.
13:28 of 3rd period - Shot by Johnny Gaudreau.
13:28 of 3rd period - Stopped by Antti Niemi without a rebound.
13:29 of 3rd period - Derek Ryan wins face-off versus Ryan Getzlaf in SAN FRANCISCO SPIDERS zone.
13:32 of 3rd period - Shot by Brent Burns.
13:32 of 3rd period - Stopped by Antti Niemi without a rebound.
13:33 of 3rd period - Ryan Getzlaf wins face-off versus Nino Niederreiter in SAN FRANCISCO SPIDERS zone.
14:24 of 3rd period - Off-side.
14:25 of 3rd period - Morgan Geekie wins face-off versus Sean Monahan in neutral zone.
15:35 of 3rd period - Shot by Bobby Ryan.
15:35 of 3rd period - Stopped by Antti Niemi with a rebound.
16:19 of 3rd period - Shot by Mike Ferland.
16:19 of 3rd period - Shot Hit the Post.
16:39 of 3rd period - Shot by Mike Ferland.
16:39 of 3rd period - Shot Misses the Net.
16:55 of 3rd period - Shot by Sean Monahan.
16:55 of 3rd period - Shot Blocked by Dominik Simon.
16:57 of 3rd period - Shot by Nino Niederreiter.
16:57 of 3rd period - Shot Blocked by Alexander True.
17:03 of 3rd period - Shot by Sean Monahan.
17:03 of 3rd period - Stopped by Antti Niemi with a rebound.
17:05 of 3rd period - Shot by Johnny Gaudreau.
17:05 of 3rd period - Shot Misses the Net.
18:15 of 3rd period - Shot by Evan Rodrigues.
18:15 of 3rd period - Shot Misses the Net.
18:21 of 3rd period - Shot by Evan Rodrigues.
18:21 of 3rd period - Stopped by Antti Niemi without a rebound.
18:22 of 3rd period - Sean Monahan wins face-off versus Alexander Kerfoot in SAN FRANCISCO SPIDERS zone.
18:41 of 3rd period - Sean Monahan is hit by Josh Leivo and loses puck.
18:47 of 3rd period - Minor Penalty to Brayden McNabb for Tripping.
18:48 of 3rd period - Derek Ryan wins face-off versus Ryan Getzlaf in LAS VEGAS LIZARD KINGS zone.
19:29 of 3rd period - Derek Ryan is hit by Ryan Getzlaf and loses puck.
19:53 of 3rd period - Shot by Dominik Simon.
19:53 of 3rd period - Shot Blocked by Mark Pysyk.
19:55 of 3rd period - Shot by Dominik Simon.
19:55 of 3rd period - Stopped by Marc-Andre Fleury without a rebound.
19:56 of 3rd period - Alexander Kerfoot wins face-off versus Barclay Goodrow in LAS VEGAS LIZARD KINGS zone.
Goals for this period are 0 for SAN FRANCISCO SPIDERS vs 1 for LAS VEGAS LIZARD KINGS.
Shots for this period are 7 for SAN FRANCISCO SPIDERS vs 12 for LAS VEGAS LIZARD KINGS.

Overtime #1


0:01 of 1st overtime period - Ryan Getzlaf wins face-off versus Derek Ryan in neutral zone.
0:24 of 1st overtime period - Shot by Ryan Getzlaf.
0:24 of 1st overtime period - Shot Misses the Net.
0:26 of 1st overtime period - Shot by David Schlemko.
0:26 of 1st overtime period - Stopped by Marc-Andre Fleury without a rebound.
0:27 of 1st overtime period - Ryan Getzlaf wins face-off versus Derek Ryan in LAS VEGAS LIZARD KINGS zone.
1:04 of 1st overtime period - Shot by Danton Heinen.
1:04 of 1st overtime period - Goal by Danton Heinen - SAN FRANCISCO SPIDERS : 3 - LAS VEGAS LIZARD KINGS : 2.
Goals for this period are 1 for SAN FRANCISCO SPIDERS vs 0 for LAS VEGAS LIZARD KINGS.
Shots for this period are 2 for SAN FRANCISCO SPIDERS vs 0 for LAS VEGAS LIZARD KINGS.


SEBASTIAN
AHO
MARK
SCHEIFELE
JAKE
OETTINGER

EAST COAST

HOCKEY LEAGUE

  • 17.QUE3CHI2
  • 18.CHA2LIM4
  • 19.TRV3LON2
  • 20.CHW1BAL2
  • 21.PITMAN
  • 22.ATLNHW
  • 23.WORPET
  • 24.RHI